Map: Ultralove

Players

PANDA

  • Race: Protoss Protoss
  • League: Silver
  • Spawn Location: 1:00

Drunkirish - Winner!

  • Race: Protoss Protoss
  • League: Diamond
  • Spawn Location: 7:00

VOD

Have the link to the VOD?

Description

Time

  • Played on: Jan. 4, 2025, 1:37 p.m.
  • Length: 12:38
Show
View Real Time Build Order
Export as new Build Order

PANDA Protoss 

Build Orders: 1 Gate Expand, Chargelot Immortal 

Get SALT Encoding   

  12  0:00  Probe  
  13  0:12  Probe  
  14  0:20  Pylon  
  14  0:24  Probe  
  15  0:38  Probe  
  15  0:41  Gateway  
  16  0:46  Probe  
  16  0:52  Assimilator  
  16  0:54  Probe  
  18  1:04  Probe  
  19  1:16  Probe  
  20  1:28  Probe  
  20  1:32  Nexus  
  21  1:45  Cybernetics Core  
  21  1:48  Probe  
  22  1:55  Assimilator  
  22  1:59  Pylon  
  22  2:05  Probe  
  23  2:14  Warp Gate  
  23  2:15  Stalker  
  23  2:17  Probe  
  27  2:30  Probe  
  27  2:38  Robotics Facility  
  27  2:40  Probe  
  27  2:42  Probe  
  29  2:48  Stalker, Probe  
  29  2:54  Probe  
  29  2:58  Probe  
  34  3:06  Probe  
  34  3:07  Gateway  
  34  3:12  Probe  
  36  3:20  Gateway  
  36  3:21  Pylon  
  36  3:22  Probe  
  36  3:24  Probe  
  38  3:28  Observer  
  39  3:35  Probe  
  39  3:36  Pylon, Probe  
  39  3:40  Pylon  
  41  3:47  Immortal, Probe  
  46  3:49  Probe  
  47  3:59  Probe  
  47  4:01  Probe  
  49  4:04  Assimilator  
  49  4:07  Assimilator  
  49  4:10  Stalker  
  51  4:19  Pylon  
  51  4:21  Pylon  
  51  4:23  Robotics Facility  
  51  4:24  Robotics Bay  
  50  4:31  Stalker  
  50  4:32  Stalker  
  50  4:35  Observer  
  55  4:48  Probe  
  55  4:49  Immortal  
  55  4:51  Probe  
  57  4:56  Probe  
  61  5:03  Probe  
  63  5:27  Shield Battery  
  63  5:32  Forge  
  63  5:33  Twilight Council  
  63  5:35  Gateway  
  63  5:38  Gateway  
  63  5:39  Gateway  
  63  5:41  Gateway  
  63  5:42  Gateway  
  63  5:47  Pylon  
  63  5:53  Immortal  
  63  5:54  Observer  
  67  6:05  Immortal  
  67  6:13  Pylon  
  67  6:15  Pylon  
  67  6:16  Pylon  
  71  6:18  Protoss Ground Weapons Level 1  
  71  6:21  Zealot  
  71  6:22  Zealot  
  75  6:26  Extended Thermal Lance, Charge  
  75  6:28  Colossus  
  81  6:35  Colossus  
  81  6:47  Zealot x5  
  97  6:59  Templar Archives  
  97  7:07  Photon Cannon  
  97  7:09  Photon Cannon  
  97  7:16  Immortal  
  97  7:18  Zealot x2  
  105  7:27  Pylon  
  105  7:29  Pylon  
  105  7:32  Warp Prism  
  95  7:57  High Templar x3  
  95  7:58  Zealot x4  
  95  7:59  Zealot  
  95  8:03  Archon  
  83  8:26  Immortal  
  83  8:27  Immortal  
  83  8:31  Zealot x3  
  89  9:02  Colossus  
  89  9:06  Immortal  
  85  9:35  Immortal  
  69  9:38  Zealot x3  
  69  9:41  High Templar  
  74  9:49  Immortal  
  66  9:54  Psionic Storm  
  70  10:14  Immortal  
  70  10:19  High Templar  
  70  10:20  High Templar, Nexus  
  78  10:22  Assimilator  
  78  10:24  Archon  
  78  10:28  Immortal  
  82  10:42  Assimilator  
  82  10:50  Zealot x4  
  82  10:54  Immortal  
  81  11:08  Immortal  
  81  11:10  High Templar x2  
  83  11:12  Zealot x4  
  91  11:21  Probe  
  92  11:33  Immortal  
  92  11:37  High Templar x2  
  92  11:38  Zealot  
  102  11:42  Archon  
  102  11:44  Archon, Nexus  
  102  11:58  Stargate  
  102  11:59  Stargate  
  78  12:09  Zealot x4  
  52  12:24  Zealot x3  
Show
View Real Time Build Order
Export as new Build Order

Drunkirish Protoss - Winner!

Build Orders: Blink Stalkers 

Get SALT Encoding   

  12  0:00  Probe  
  13  0:12  Probe  
  14  0:17  Pylon  
  14  0:25  Probe  
  15  0:37  Probe  
  15  0:38  Gateway  
  16  0:43  Assimilator  
  16  0:49  Probe  
  17  1:01  Probe  
  18  1:13  Probe  
  19  1:25  Probe  
  20  1:26  Cybernetics Core  
  20  1:37  Probe  
  21  1:41  Warp Gate  
  21  1:47  Nexus  
  21  1:50  Pylon  
  21  1:55  Probe  
  21  2:00  Pylon  
  22  2:07  Stalker, Probe  
  25  2:16  Assimilator  
  25  2:19  Probe  
  26  2:27  Stalker  
  26  2:31  Probe  
  27  2:43  Probe  
  30  2:55  Probe  
  30  2:57  Robotics Facility  
  31  3:04  Probe  
  32  3:05  Stalker  
  32  3:07  Probe  
  35  3:16  Probe  
  35  3:19  Probe  
  37  3:22  Twilight Council  
  37  3:25  Gateway  
  37  3:28  Probe  
  37  3:31  Probe  
  39  3:39  Observer  
  39  3:40  Probe  
  40  3:43  Probe  
  42  3:49  Stalker  
  42  3:52  Probe  
  42  3:55  Blink  
  45  3:56  Probe  
  46  4:03  Gateway  
  46  4:05  Probe  
  46  4:06  Pylon  
  46  4:08  Gateway, Probe  
  48  4:10  Gateway  
  48  4:18  Probe  
  48  4:20  Probe  
  48  4:23  Warp Prism  
  52  4:30  Probe  
  53  4:32  Stalker, Probe  
  56  4:42  Pylon  
  56  4:51  Probe x2  
  58  4:55  Nexus  
  58  4:56  Stalker  
  60  5:03  Pylon, Probe  
  60  5:06  Probe  
  62  5:08  Assimilator  
  62  5:14  Assimilator  
  62  5:15  Probe  
  62  5:17  Stalker x2  
  62  5:19  Probe  
  68  5:24  Pylon  
  68  5:27  Probe  
  69  5:31  Probe  
  70  5:40  Forge  
  70  5:41  Forge  
  70  5:42  Probe  
  71  5:43  Probe  
  72  5:59  Charge  
  72  6:02  Stalker  
  72  6:03  Stalker x2  
  72  6:04  Stalker x2  
  82  6:05  Probe x2  
  84  6:17  Probe x2  
  84  6:18  Probe  
  87  6:26  Assimilator x2  
  87  6:29  Probe  
  87  6:30  Probe x2  
  87  6:31  Stalker x2  
  87  6:32  Pylon, Stalker x2  
  98  6:34  Pylon  
  98  6:41  Probe  
  98  6:42  Probe  
  98  6:45  Protoss Ground Weapons Level 1, Protoss Shields Level 1  
  100  6:48  Probe  
  100  6:49  Photon Cannon  
  100  6:51  Photon Cannon  
  100  6:53  Probe  
  100  6:54  Probe  
  103  7:01  Stalker  
  103  7:02  Stalker x2  
  103  7:03  Probe  
  110  7:12  Stalker x2  
  110  7:13  Probe x2  
  116  7:29  Nexus  
  116  7:36  Pylon  
  116  7:38  Pylon  
  114  7:44  Photon Cannon  
  114  7:46  Stalker  
  114  7:47  Photon Cannon, Stalker  
  114  7:48  Probe  
  114  7:49  Photon Cannon, Probe x2  
  115  7:55  Stalker x2  
  115  8:06  Pylon  
  115  8:08  Pylon  
  115  8:19  Warp Prism  
  109  8:25  Protoss Ground Weapons Level 2, Stalker x4  
  109  8:26  Stalker, Protoss Shields Level 2  
  115  8:40  Gateway  
  115  8:41  Gateway  
  115  8:42  Gateway  
  115  8:45  Gateway  
  115  8:55  Robotics Bay  
  115  9:05  Probe x3  
  118  9:17  Stalker x3, Probe x2  
  118  9:18  Stalker x2  
  118  9:19  Nexus  
  126  9:28  Probe  
  126  9:29  Probe  
  116  9:32  Probe  
  110  9:40  Probe  
  110  9:41  Probe  
  110  9:44  Probe  
  109  9:52  Probe  
  108  9:53  Colossus, Probe  
  108  9:56  Probe  
  110  10:04  Probe  
  110  10:05  Probe  
  118  10:09  Probe  
  118  10:11  Robotics Facility  
  119  10:16  Probe  
  119  10:17  Pylon  
  120  10:29  Gravitic Drive  
  120  10:32  Zealot x6  
  120  10:33  Zealot x3  
  138  10:39  Colossus  
  140  11:00  Stalker x2  
  140  11:01  Stalker x4  
  140  11:03  Assimilator x2  
  148  11:08  Stalker x3  
  145  11:18  Probe x3  
  147  11:30  Probe  
  148  11:41  Stalker  
  150  11:50  Stalker  
  150  11:52  Zealot x3  
  158  12:01  Zealot x4  
  146  12:14  Stalker x3  
  146  12:15  Stalker x2  
  134  12:29  Stalker x4  
Tags
 
Add a new tag
Caveats
  • Supply blocks, unpowered buildings, or Contaminate may cause inaccurate times.
  • Supply counts are checked every 10 seconds.